AoeStats
← 逍遥场口

Lombardia

508422144Analyzed
3v3 RM · 10d ago on Sep 22, 2026· 36m 24s· 6 players
Game mode
Random Map
Map size
Normal (6 player)
Population
200
Speed
Normal
Resources
Standard
Victory
Conquest
Starting age
Dark Age
Ending age
Imperial Age
RankedLock teamsTeams togetherTeam positionsShared explorationLock speedFull tech treeHidden civsTurbo modeCheats
Victory
Defeat
🇨🇳 Hindustanis · China
1438
+13
🇨🇳 Armenians · China
1368
+16
🇨🇳 Franks · China
1268
+19
🇨🇳 Maya · China
1389
-17
🇲🇽 Mongols · Mexico
1359
-16
🇨🇳 Burgundians · China
1341
-15
只会种田
7:03 Loom
9:17 Feudal Age
10:17 Double-Bit Axe
11:34 Horse Collar
13:09 Wheelbarrow
16:18 Scale Barding Armor
16:24 Forging
21:00 Castle Age
20:04 Bloodlines
23:10 Bow Saw
24:34 Hand Cart
25:50 Gold Mining
30:31 Imperial Age
28:22 Hand Cart
29:05 Heavy Plow
29:28 Husbandry
30:06 Iron Casting
30:14 Chain Barding Armor
31:30 Gold Shaft Mining
30:45 Stone Mining
33:45 Chemistry
34:13 Two-Man Saw
34:20 Conscription
34:58 Plate Barding Armor
34:31 Heavy Camel Rider
35:51 Stone Shaft Mining
37:09 Blast Furnace
xcfotrp131
7:03 Loom
9:38 Feudal Age
10:51 Double-Bit Axe
18:30 Castle Age
17:45 Wheelbarrow
18:18 Scale Barding Armor
18:27 Forging
18:59 Gold Mining
26:15 Chain Barding Armor
27:47 Iron Casting
30:33 Bow Saw
31:16 Husbandry
35:09 Imperial Age
35:52 Hand Cart
35:19 Cavalier
37:16 Plate Barding Armor
逍遥场口
8:20 Loom
10:24 Feudal Age
14:05 Fletching
14:03 Double-Bit Axe
14:10 Gold Mining
20:52 Castle Age
19:26 Padded Archer Armor
19:17 Horse Collar
22:22 Wheelbarrow
21:12 Crossbowman
22:03 Bodkin Arrow
23:02 Bow Saw
25:02 Ballistics
25:58 Heavy Plow
27:09 Leather Archer Armor
29:45 Hand Cart
32:36 Imperial Age
33:34 Gold Shaft Mining
32:52 Stone Mining
32:51 Arbalester
35:06 Chemistry
34:45 Bracer
35:15 Ring Archer Armor
36:03 Ring Archer Armor
36:50 Caravan
Moctezama
4:43 Loom
12:11 Feudal Age
17:04 Castle Age
18:39 Double-Bit Axe
20:08 Bow Saw
24:19 Horse Collar
28:50 Stone Mining
30:36 Wheelbarrow
30:43 Ballistics
34:27 Imperial Age
33:15 Fletching
33:26 Padded Archer Armor
34:58 Bodkin Arrow
35:18 Leather Archer Armor
35:47 Conscription
。。。。
3:49 Double-Bit Axe
8:13 Loom
11:51 Feudal Age
16:56 Castle Age
16:58 Bow Saw
20:01 Two-Man Saw
21:53 Horse Collar
22:46 Town Watch
23:37 Wheelbarrow
23:48 Heavy Plow
23:41 Gold Mining
27:44 Gold Shaft Mining
28:47 Forging
31:50 Imperial Age
29:54 Hand Cart
29:58 Stone Mining
30:44 Gold Shaft Mining
30:52 Gold Shaft Mining
31:33 Scale Barding Armor
32:03 Iron Casting
32:32 Stone Shaft Mining
31:27 Cavalier
32:53 Husbandry
33:18 Chain Barding Armor
33:17 Paladin
34:59 Conscription
36:40 Blast Furnace
TonTonJu
0:27 Loom
11:02 Feudal Age
15:07 Castle Age
13:30 Double-Bit Axe
14:10 Horse Collar
15:30 Fletching
19:38 Bodkin Arrow
27:21 Bow Saw
31:05 Wheelbarrow
32:39 Hand Cart
33:16 Town Watch
33:33 Gold Mining
38:36 Imperial Age
38:42 Imperial Age
36:31 Padded Archer Armor
Connection lost

Rejoining the realm…

Still unreachable

The connection could not be restored.

Session expired

The server has moved on; the page needs a fresh start.